Map: Dusk Towers

Players

Miszu

  • Race: Terran Terran
  • League: Master

Chabby - Winner!

  • Race: Protoss Protoss
  • League: Grandmaster

VOD

Have the link to the VOD?

Description

Time

  • Played on: April 25, 2016, 6:11 p.m.
  • Length: 5:14
Show
View Real Time Build Order
Export as new Build Order

Miszu Terran 

Build Orders:  

Get SALT Encoding   

  12  0:00  SCV  
  13  0:12  SCV  
  14  0:17  Supply Depot  
  14  0:24  SCV  
  15  0:39  SCV  
  15  0:40  Barracks  
  16  0:51  SCV  
  17  1:03  SCV  
  18  1:14  Command Center  
  18  1:26  Orbital Command  
  18  1:27  Marine  
  19  1:36  Supply Depot  
  19  1:44  Marine  
  20  1:51  Barracks  
  20  1:52  SCV  
  21  2:02  Marine  
  21  2:04  SCV  
  21  2:06  Barracks  
  23  2:16  SCV  
  23  2:20  Marine  
  25  2:30  SCV  
  25  2:35  Engineering Bay  
  25  2:36  Orbital Command  
  25  2:37  Refinery  
  26  2:38  Marine  
  26  2:39  Marine  
  26  2:42  SCV  
  29  2:53  Marine  
  29  2:54  SCV  
  31  3:00  Bunker  
  31  3:02  Marine  
  32  3:05  SCV  
  32  3:06  SCV  
  32  3:11  Marine, Missile Turret  
  35  3:13  Marine  
  35  3:25  Barracks Tech Lab, SCV  
  35  3:26  SCV  
  37  3:34  Marine  
  37  3:35  Marine  
  37  3:37  SCV  
  37  3:39  Missile Turret  
  40  3:44  SCV  
  40  3:50  Marine  
  40  3:52  Marine  
  40  3:53  Marine  
  43  4:01  Missile Turret  
  43  4:02  Refinery  
  43  4:06  Supply Depot  
  43  4:07  SCV  
  45  4:12  Marine  
  45  4:14  Marine  
  46  4:23  Supply Depot  
  46  4:27  SCV  
  46  4:28  Marauder  
  49  4:35  Marine x2  
  47  4:41  Bunker  
  45  4:53  Bunker, Marine  
Show
View Real Time Build Order
Export as new Build Order

Chabby Protoss - Winner!

Build Orders:  

Get SALT Encoding   

  12  0:01  Probe (Chrono Boost)  
  13  0:11  Probe (Chrono Boost)  
  14  0:17  Pylon  
  14  0:22  Probe (Chrono Boost)  
  16  0:36  Probe (Chrono Boost)  
  16  0:38  Gateway  
  16  0:44  Assimilator  
  16  0:47  Probe (Chrono Boost)  
  17  0:55  Assimilator  
  17  0:57  Probe (Chrono Boost)  
  18  1:08  Probe (Chrono Boost)  
  20  1:18  Probe (Chrono Boost)  
  20  1:26  Cybernetics Core  
  20  1:29  Probe (Chrono Boost)  
  20  1:30  Pylon  
  21  1:39  Probe (Chrono Boost)  
  22  1:50  Probe (Chrono Boost)  
  23  2:03  Stargate, Mothership Core (Chrono Boost)  
  25  2:08  Stalker  
  25  2:14  Pylon  
  27  2:19  Warp Gate (Chrono Boost)  
  27  2:27  Gateway  
  27  2:28  Probe  
  28  2:46  Void Ray (Chrono Boost)  
  32  2:53  Gateway  
  32  3:00  Stalker  
  34  3:09  Pylon  
  34  3:26  Void Ray (Chrono Boost)  
  38  3:35  Pylon  
  38  4:03  Void Ray (Chrono Boost)  
  42  4:16  Stalker x2  
  46  4:18  Stalker  
  46  4:21  Pylon  
  48  4:30  Pylon  
  48  4:40  Stalker x2  
  52  4:52  Stalker  
  54  5:10  Stalker x2  
Tags
 
Add a new tag
Caveats
  • Supply blocks, unpowered buildings, or Contaminate may cause inaccurate times.
  • Supply counts are checked every 10 seconds.